[Event "RUS-ch Rapid Men 2018"]
[Site "Sochi"]
[Date "2018.10.06"]
[Round "8"]
[White "Pashkov, Anatolij"]
[Black "Lugovskoy, Maxim"]
[Result "0-1"]
[ECO "C15"]
[WhiteElo "2196"]
[BlackElo "2428"]
[Annotator "NA"]
[PlyCount "62"]
[EventDate "2018.10.05"]
[EventType "swiss"]
[EventCountry "RUS"]
[SourceTitle "playchess.com"]
[Source "ChessBase"]
[SourceQuality "1"]
[TimeControl "900+10"]

1. e4 e6 2. d4 d5 3. Nc3 Bb4 4. Bd2 dxe4 5. Qg4 Nf6 6. Qxg7 Rg8 7. Qh6 b6 8. O-O-O Qe7 9. Nge2 Nbd7 10. Bg5 Bb7 11. Qh4 O-O-O 12. d5 h6 13. Bxf6 Nxf6 14. dxe6 Rxd1+ 15. Nxd1 Qxe6 16. a3 Be7 17. Nf4 Qd7 18. Qh3 Ng4 19. Be2 f5 20. f3 Bg5 21. fxg4 Bxf4+ 22. Kb1 fxg4 23. Qh5 Kb8 24. Rf1 Qd2 25. Bxg4 Qc1+ 26. Ka2 Rd8 27. Rf2 Bd5+ 28. b3 e3 29. Re2 Qxd1 30. Rf2 exf2 31. Bxd1 f1=Q 0-1

[Event "RUS-ch Rapid Men 2018"]
[Site "Sochi"]
[Date "2018.10.06"]
[Round "9"]
[White "Ponkratov, Pavel"]
[Black "Kobalia, Mikhail"]
[Result "1-0"]
[ECO "B46"]
[WhiteElo "2628"]
[BlackElo "2620"]
[Annotator "RC"]
[PlyCount "57"]
[EventDate "2018.10.05"]
[EventType "swiss"]
[EventCountry "RUS"]
[SourceTitle "playchess.com"]
[Source "ChessBase"]
[SourceQuality "1"]
[TimeControl "900+10"]

1. e4 c5 2. Nf3 e6 3. d4 cxd4 4. Nxd4 Nc6 5. Nc3 a6 6. Be2 d6 7. O-O Nf6 8. Kh1 Be7 9. f4 Bd7 10. Nf3 Qc7 11. a3 b5 12. Qe1 O-O 13. Bd3 b4 14. Nd1 bxa3 15. bxa3 Na5 16. e5 Nd5 17. Bd2 Nc6 18. Nf2 f5 19. exf6 Bxf6 20. Rd1 Nce7 21. Ne4 Ng6 22. Nfg5 e5 23. Nxf6+ Rxf6 24. Qe4 Nb6 25. Nxh7 Kxh7 26. fxe5 Rxf1+ 27. Rxf1 Be8 28. Rf8 Qe7 29. Qf5 1-0

[Event "RUS-ch Rapid Men 2018"]
[Site "Sochi"]
[Date "2018.10.06"]
[Round "9"]
[White "Antipov, Mikhail Al."]
[Black "Bocharov, Dmitry"]
[Result "0-1"]
[ECO "B40"]
[WhiteElo "2593"]
[BlackElo "2557"]
[Annotator "ChessBase"]
[PlyCount "92"]
[EventDate "2018.10.05"]
[EventType "swiss"]
[EventCountry "RUS"]
[SourceTitle "playchess.com"]
[Source "ChessBase"]
[SourceQuality "1"]
[TimeControl "900+10"]

1. e4 c5 2. Nf3 e6 3. b3 b6 4. Bd3 Bb7 5. O-O Nf6 6. Re1 Be7 7. Bb2 d5 8. exd5 Bxd5 9. Nc3 Bb7 10. Ne4 O-O 11. Ne5 Nc6 12. Nxc6 Bxc6 13. Qf3 Nxe4 14. Bxe4 Bxe4 15. Qxe4 Qxd2 16. Rad1 Qg5 17. f4 Qh4 18. g3 Qh5 19. f5 Rad8 20. Rxd8 Rxd8 21. fxe6 f6 22. Bc1 h6 23. c4 f5 24. Qc2 Bf6 25. Kg2 Kf8 26. Bb2 Ke7 27. Bxf6+ gxf6 28. b4 Qg4 29. bxc5 Qd4 30. Qxf5 Qd2+ 31. Kf1 Qd3+ 32. Qxd3 Rxd3 33. cxb6 axb6 34. Rb1 Ra3 35. Rxb6 Rxa2 36. h4 Rc2 37. Rc6 h5 38. g4 hxg4 39. h5 Rh2 40. Rc7+ Kxe6 41. Rh7 Kf5 42. h6 Kf4 43. Rh8 Kf3 44. Ke1 g3 45. Ra8 Rh1+ 46. Kd2 g2 0-1

[Event "RUS-ch Rapid Men 2018"]
[Site "Sochi"]
[Date "2018.10.06"]
[Round "9"]
[White "Timofeev, Artyom"]
[Black "Kezin, Roman"]
[Result "1-0"]
[ECO "D45"]
[WhiteElo "2580"]
[BlackElo "2471"]
[Annotator "ChessBase"]
[PlyCount "67"]
[EventDate "2018.10.05"]
[EventType "swiss"]
[EventCountry "RUS"]
[SourceTitle "playchess.com"]
[Source "ChessBase"]
[SourceQuality "1"]
[TimeControl "900+10"]

1. c4 e6 2. Nc3 d5 3. d4 c6 4. Nf3 Nf6 5. e3 Nbd7 6. Be2 dxc4 7. a4 Bb4 8. Bxc4 O-O 9. O-O Qe7 10. Qc2 b6 11. e4 e5 12. Bg5 Bb7 13. Ne2 exd4 14. Nexd4 Qxe4 15. Bd3 Qd5 16. Rad1 h6 17. Bh4 Qh5 18. Nf5 c5 19. Ng3 Qg4 20. Bf5 Qf4 21. Ne2 Qc7 22. Bg3 Qc8 23. Ne5 Rd8 24. Qb3 Bd5 25. Rxd5 Nxd5 26. Qxd5 Nxe5 27. Qxe5 Qa6 28. Nc3 Re8 29. Qf4 Rad8 30. Nb5 Qxa4 31. Nd6 Rf8 32. Bh4 Rb8 33. Bf6 gxf6 34. Qxh6 1-0

[Event "RUS-ch Rapid Men 2018"]
[Site "Sochi"]
[Date "2018.10.06"]
[Round "9"]
[White "Panarin, Mikhail"]
[Black "Tsoi, Dmitry"]
[Result "1/2-1/2"]
[ECO "C41"]
[WhiteElo "2562"]
[BlackElo "2429"]
[Annotator "ChessBase"]
[PlyCount "83"]
[EventDate "2018.10.05"]
[EventType "swiss"]
[EventCountry "RUS"]
[SourceTitle "playchess.com"]
[Source "ChessBase"]
[SourceQuality "1"]
[TimeControl "900+10"]

1. e4 e5 2. Nf3 d6 3. d4 exd4 4. Nxd4 Nf6 5. Nc3 Be7 6. Nde2 O-O 7. g3 c6 8. Bg2 b5 9. Nxb5 Bb7 10. Nbc3 Nbd7 11. O-O a5 12. Nd4 Nc5 13. Nf5 Re8 14. Bf4 d5 15. exd5 Nxd5 16. Nxd5 cxd5 17. Nxe7+ Qxe7 18. Re1 Qf6 19. Rxe8+ Rxe8 20. c3 Ne4 21. Be3 h6 22. Qd4 Qxd4 23. Bxd4 a4 24. Re1 Rc8 25. f3 Nd2 26. Re7 Bc6 27. Re2 Nc4 28. b3 axb3 29. axb3 Na5 30. Bh3 Ra8 31. b4 Nc4 32. Bf1 Bb5 33. Rf2 Nd6 34. Bc5 Bxf1 35. Kxf1 Nb5 36. Bd4 Ra1+ 37. Ke2 Nxd4+ 38. cxd4 Rb1 39. Ke3 Rb3+ 40. Kf4 f6 41. Ra2 Rxb4 42. Ke3 1/2-1/2

[Event "RUS-ch Rapid Men 2018"]
[Site "Sochi"]
[Date "2018.10.06"]
[Round "9"]
[White "Shcherbakov, Ruslan"]
[Black "Sergeyev, Alexander"]
[Result "1/2-1/2"]
[ECO "C42"]
[WhiteElo "2516"]
[BlackElo "2397"]
[Annotator "ChessBase"]
[PlyCount "44"]
[EventDate "2018.10.05"]
[EventType "swiss"]
[EventCountry "RUS"]
[SourceTitle "playchess.com"]
[Source "ChessBase"]
[SourceQuality "1"]
[TimeControl "900+10"]

1. e4 e5 2. Nf3 Nf6 3. Nxe5 d6 4. Nf3 Nxe4 5. d4 d5 6. Bd3 Nc6 7. O-O Be7 8. Re1 Bf5 9. Nbd2 Nxd2 10. Qxd2 Bg6 11. Ne5 Nxe5 12. Rxe5 O-O 13. Bxg6 hxg6 14. Qd3 Bd6 15. Re3 Qd7 16. Bd2 Rfe8 17. Rae1 Rxe3 18. Qxe3 a6 19. b3 Kf8 20. Qf3 Re8 21. Rxe8+ Kxe8 22. g4 Qe6 1/2-1/2

[Event "RUS-ch Rapid Men 2018"]
[Site "Sochi"]
[Date "2018.10.06"]
[Round "9"]
[White "Potapov, Pavel"]
[Black "Tsvetkov, Andrey"]
[Result "1-0"]
[ECO "B22"]
[WhiteElo "2515"]
[BlackElo "2264"]
[Annotator "ChessBase"]
[PlyCount "87"]
[EventDate "2018.10.05"]
[EventType "swiss"]
[EventCountry "RUS"]
[SourceTitle "playchess.com"]
[Source "ChessBase"]
[SourceQuality "1"]
[TimeControl "900+10"]

1. e4 c5 2. c3 d5 3. exd5 Qxd5 4. d4 Nf6 5. Nf3 Bg4 6. Be2 e6 7. h3 Bh5 8. O-O Nc6 9. Be3 cxd4 10. cxd4 Be7 11. Nc3 Qd6 12. Qb3 O-O 13. Rfd1 Qb4 14. Qxb4 Nxb4 15. g4 Bg6 16. Ne5 Nc2 17. Rac1 Nxe3 18. fxe3 Rac8 19. Bf3 Rfd8 20. h4 h6 21. Nxg6 fxg6 22. Kg2 Rd7 23. Nd5 Rxc1 24. Nxe7+ Rxe7 25. Rxc1 e5 26. Rc8+ Kh7 27. g5 hxg5 28. hxg5 Ne8 29. Bd5 exd4 30. Rc1 Nf6 31. gxf6 gxf6 32. e4 f5 33. Kf3 Kg7 34. Rd1 fxe4+ 35. Bxe4 Rf7+ 36. Ke2 Kf6 37. Rxd4 Ke5 38. Ke3 Rh7 39. Rd5+ Ke6 40. Rg5 Rh3+ 41. Kd4 Rh2 42. Rxg6+ Kf7 43. Rg2 Rh4 44. Rc2 1-0

[Event "RUS-ch Rapid Men 2018"]
[Site "Sochi"]
[Date "2018.10.06"]
[Round "9"]
[White "Demidov, Mikhail"]
[Black "Chigaev, Maksim"]
[Result "1/2-1/2"]
[ECO "A40"]
[WhiteElo "2514"]
[BlackElo "2599"]
[Annotator "ChessBase"]
[PlyCount "130"]
[EventDate "2018.10.05"]
[EventType "swiss"]
[EventCountry "RUS"]
[SourceTitle "playchess.com"]
[Source "ChessBase"]
[SourceQuality "1"]
[TimeControl "900+10"]

1. d4 g6 2. g3 Bg7 3. Bg2 d6 4. Nf3 Nf6 5. b3 O-O 6. Bb2 e5 7. dxe5 Nfd7 8. O-O dxe5 9. Nfd2 Na6 10. Nc4 Re8 11. Qd2 e4 12. Bxg7 Kxg7 13. Nc3 f5 14. Rad1 Rb8 15. Nb5 Qf6 16. Nxa7 Ndc5 17. Nxc8 Rbxc8 18. a3 Rcd8 19. Qc1 Ne6 20. Rxd8 Rxd8 21. Rd1 Nd4 22. Kf1 Nc5 23. Qa1 Nce6 24. e3 b5 25. Na5 Nxc2 26. Qxf6+ Kxf6 27. Rxd8 Nxd8 28. a4 c6 29. Ke2 Nb4 30. Kd2 Nd5 31. Bf1 bxa4 32. bxa4 Nb6 33. Be2 Nxa4 34. Nxc6 Nxc6 35. Bb5 Ne5 36. Bxa4 Nf3+ 37. Ke2 Nxh2 38. Bb5 h5 39. Be8 Kg7 40. Ke1 Kh7 41. Ke2 Kh6 42. Bd7 Kg5 43. Be8 Nf3 44. Kf1 Ne5 45. Kg2 Kg4 46. Bb5 Kg5 47. Be8 Kg4 48. Ba4 g5 49. Bd1+ Nf3 50. Be2 h4 51. gxh4 gxh4 52. Bxf3+ exf3+ 53. Kh2 Kh5 54. Kh3 Kg5 55. Kh2 Kf6 56. Kh3 Kg5 57. Kh2 Kg4 58. Kg1 Kh3 59. Kh1 Kg4 60. Kh2 h3 61. Kg1 Kg5 62. Kh2 Kh4 63. Kg1 Kh5 64. Kh2 Kg4 65. Kg1 Kg5 1/2-1/2

[Event "RUS-ch Rapid Men 2018"]
[Site "Sochi"]
[Date "2018.10.06"]
[Round "9"]
[White "Khanin, Semen"]
[Black "Sakaev, Konstantin"]
[Result "1/2-1/2"]
[ECO "B90"]
[WhiteElo "2510"]
[BlackElo "2584"]
[Annotator "ChessBase"]
[PlyCount "59"]
[EventDate "2018.10.05"]
[EventType "swiss"]
[EventCountry "RUS"]
[SourceTitle "playchess.com"]
[Source "ChessBase"]
[SourceQuality "1"]
[TimeControl "900+10"]

1. e4 c5 2. Nf3 d6 3. d4 cxd4 4. Nxd4 Nf6 5. Nc3 a6 6. f3 e5 7. Nb3 Be6 8. Be3 Be7 9. Qd2 O-O 10. O-O-O Nbd7 11. g4 b5 12. g5 Nh5 13. Nd5 Bxd5 14. exd5 f6 15. h4 fxg5 16. hxg5 Rxf3 17. Bd3 g6 18. Rdg1 Qf8 19. Be2 Rxe3 20. Qxe3 Qf4 21. Kd2 Qxe3+ 22. Kxe3 Nf4 23. Bg4 Nb6 24. Be6+ Kg7 25. Ke4 Nc4 26. Nd4 Nd2+ 27. Ke3 Nc4+ 28. Ke4 Nd2+ 29. Ke3 Nc4+ 30. Ke4 1/2-1/2

[Event "RUS-ch Rapid Men 2018"]
[Site "Sochi"]
[Date "2018.10.06"]
[Round "9"]
[White "Gutenev, Alexander"]
[Black "Dilmukhametov, Artur"]
[Result "1-0"]
[ECO "C18"]
[WhiteElo "2456"]
[BlackElo "2353"]
[Annotator "ChessBase"]
[PlyCount "81"]
[EventDate "2018.10.05"]
[EventType "swiss"]
[EventCountry "RUS"]
[SourceTitle "playchess.com"]
[Source "ChessBase"]
[SourceQuality "1"]
[TimeControl "900+10"]

1. e4 e6 2. d4 d5 3. Nc3 Bb4 4. e5 c5 5. a3 Bxc3+ 6. bxc3 Qa5 7. Bd2 Qa4 8. Qg4 g6 9. Nf3 Qxc2 10. Be2 h5 11. Qf4 Nd7 12. O-O Nh6 13. Rfc1 Qf5 14. Qg3 Qg4 15. Bb5 Nf5 16. Qf4 Qxf4 17. Bxf4 c4 18. Ba4 O-O 19. Rcb1 Nb8 20. Bg5 b6 21. h3 Bd7 22. Bc2 b5 23. g4 Ng7 24. a4 bxa4 25. Be7 Re8 26. Bd6 Bc6 27. Bxa4 Bxa4 28. Rxa4 Nc6 29. Ra6 Nb8 30. Ra4 Nc6 31. Ng5 Rec8 32. Rb7 Nd8 33. Rbxa7 Rxa7 34. Rxa7 Ne8 35. gxh5 Nxd6 36. exd6 gxh5 37. Re7 Kf8 38. d7 Rb8 39. Re8+ Kg7 40. Kg2 Kf6 41. Nf3 1-0

[Event "RUS-ch Rapid Men 2018"]
[Site "Sochi"]
[Date "2018.10.06"]
[Round "9"]
[White "Usmanov, Vasily"]
[Black "Pridorozhni, Aleksei"]
[Result "1/2-1/2"]
[ECO "A41"]
[WhiteElo "2453"]
[BlackElo "2574"]
[Annotator "ChessBase"]
[PlyCount "89"]
[EventDate "2018.10.05"]
[EventType "swiss"]
[EventCountry "RUS"]
[SourceTitle "playchess.com"]
[Source "ChessBase"]
[SourceQuality "1"]
[TimeControl "900+10"]

1. d4 d6 2. Nf3 Bg4 3. Nbd2 Nd7 4. g3 Ngf6 5. Bg2 c6 6. h3 Bh5 7. O-O d5 8. c4 e6 9. b3 Bd6 10. Bb2 Qe7 11. Re1 Ba3 12. Qc1 Bxb2 13. Qxb2 O-O 14. e4 dxe4 15. Ng5 Bg6 16. Ngxe4 Nxe4 17. Bxe4 Bxe4 18. Rxe4 Rfd8 19. Nf3 a5 20. Kg2 Qd6 21. Rae1 a4 22. b4 a3 23. Qb3 b5 24. Ne5 Nxe5 25. dxe5 Qd3 26. Qxd3 Rxd3 27. R1e2 h6 28. Rc2 g5 29. h4 Rad8 30. cxb5 cxb5 31. hxg5 hxg5 32. Rg4 Rd2 33. Rxg5+ Kf8 34. Rc7 Rxa2 35. Rg4 Rad2 36. Ra7 a2 37. Rf4 R8d7 38. Ra8+ Ke7 39. Rh4 Re2 40. Rhh8 Rxe5 41. Rxa2 Re4 42. Rb8 Rxb4 43. Ra5 Rd5 44. Ra7+ Rd7 45. Ra5 1/2-1/2

[Event "RUS-ch Rapid Men 2018"]
[Site "Sochi"]
[Date "2018.10.06"]
[Round "9"]
[White "Pogromsky, Mikhail"]
[Black "Alexeev, Alexey"]
[Result "1-0"]
[ECO "A30"]
[WhiteElo "2415"]
[BlackElo "2287"]
[Annotator "NA"]
[PlyCount "61"]
[EventDate "2018.10.05"]
[EventType "swiss"]
[EventCountry "RUS"]
[SourceTitle "playchess.com"]
[Source "ChessBase"]
[SourceQuality "1"]
[TimeControl "900+10"]

1. Nf3 Nf6 2. c4 c5 3. Nc3 e6 4. g3 b6 5. Bg2 Bb7 6. O-O Be7 7. d4 cxd4 8. Qxd4 O-O 9. Rd1 d6 10. Bg5 Nc6 11. Qf4 Qb8 12. Bxf6 Bxf6 13. Qxd6 Bxc3 14. bxc3 Qxd6 15. Rxd6 Rfd8 16. Rad1 Rxd6 17. Rxd6 Rd8 18. Rd3 Kf8 19. Ng5 h6 20. Bxc6 Rxd3 21. exd3 Bxc6 22. Nh3 g5 23. f4 f6 24. Kf2 Ke7 25. Ke3 Bg2 26. Nf2 Bf1 27. Kd4 gxf4 28. gxf4 h5 29. h4 Bg2 30. c5 b5 31. Ne4 1-0

[Event "RUS-ch Rapid Men 2018"]
[Site "Sochi"]
[Date "2018.10.06"]
[Round "9"]
[White "Truskavetsky, Alexandr"]
[Black "Moiseenko, Vadim"]
[Result "0-1"]
[ECO "A50"]
[WhiteElo "2393"]
[BlackElo "2492"]
[Annotator "ChessBase"]
[PlyCount "96"]
[EventDate "2018.10.05"]
[EventType "swiss"]
[EventCountry "RUS"]
[SourceTitle "playchess.com"]
[Source "ChessBase"]
[SourceQuality "1"]
[TimeControl "900+10"]

1. d4 Nf6 2. c4 b6 3. Nc3 Bb7 4. Nf3 e6 5. e3 d5 6. cxd5 Nxd5 7. Bd3 Nd7 8. O-O Be7 9. e4 Nxc3 10. bxc3 c5 11. d5 exd5 12. exd5 O-O 13. c4 Bf6 14. Rb1 Re8 15. Bf4 Nf8 16. a4 Bc8 17. h3 Bd7 18. Qc2 Qc8 19. a5 bxa5 20. Bg5 Qd8 21. Bf4 Ng6 22. Bg3 Qc8 23. h4 a4 24. h5 Nf8 25. Nd2 Bd4 26. Nf3 Bf6 27. Nd2 Qa6 28. Ne4 Bd4 29. Nd6 Re7 30. Nb5 Bxb5 31. cxb5 Qh6 32. Qxa4 Rd8 33. d6 Rxd6 34. Bxd6 Qxd6 35. Qc2 Re5 36. Bf5 Qe7 37. Rb3 Re2 38. Qd1 Qe5 39. Bg4 Re4 40. Rh3 c4 41. Bf3 Rf4 42. Bc6 Ne6 43. Rf3 Rh4 44. g3 Rxh5 45. Re1 Qc5 46. Rxf7 Kxf7 47. Qf3+ Rf5 48. Be8+ Kxe8 0-1

[Event "RUS-ch Rapid Men 2018"]
[Site "Sochi"]
[Date "2018.10.06"]
[Round "9"]
[White "Slavin, Alexey"]
[Black "Vastrukhin, Oleg"]
[Result "1-0"]
[ECO "A40"]
[WhiteElo "2364"]
[BlackElo "2413"]
[Annotator "NA"]
[PlyCount "119"]
[EventDate "2018.10.05"]
[EventType "swiss"]
[EventCountry "RUS"]
[SourceTitle "playchess.com"]
[Source "ChessBase"]
[SourceQuality "1"]
[TimeControl "900+10"]

1. d4 g6 2. Nf3 Bg7 3. c4 d6 4. Nc3 e5 5. dxe5 dxe5 6. Qxd8+ Kxd8 7. Bg5+ f6 8. O-O-O+ Bd7 9. Bh4 g5 10. Bg3 h5 11. h3 Nh6 12. e4 h4 13. Bh2 c6 14. Nd2 Na6 15. Nb3 Kc7 16. Be2 Rad8 17. c5 Bf8 18. Bxa6 bxa6 19. f3 Be7 20. Bg1 Be6 21. Bf2 Nf7 22. Na5 Rxd1+ 23. Rxd1 Rb8 24. Nd5+ cxd5 25. exd5 Bxd5 26. Rxd5 Rb5 27. Nb3 Nd8 28. Kc2 Ne6 29. Be3 Kc6 30. Rd3 Nf4 31. Bxf4 gxf4 32. Kc3 Bxc5 33. Rd8 Be7 34. Rh8 a5 35. Rxh4 a4 36. Na1 Rc5+ 37. Kd2 Rd5+ 38. Kc3 Rc5+ 39. Kd2 Rb5 40. Kc3 f5 41. Rh7 Rb7 42. Rh6+ Kd5 43. Nc2 Bc5 44. Rh8 Rg7 45. Rd8+ Ke6 46. Rd2 e4 47. Re2 e3 48. Ne1 Rc7 49. Nd3 Bd6+ 50. Kd4 Rd7 51. Kc4 Bf8 52. Nxf4+ Kf7 53. Nd5 Bh6 54. f4 Rb7 55. b4 axb3 56. axb3 a5 57. Rxe3 Bxf4 58. Nxf4 Rb4+ 59. Kc3 Rxf4 60. Rf3 1-0

[Event "RUS-ch Rapid Men 2018"]
[Site "Sochi"]
[Date "2018.10.06"]
[Round "9"]
[White "Jary, Sergey"]
[Black "Triapishko, Alexandr"]
[Result "1/2-1/2"]
[ECO "A45"]
[WhiteElo "2286"]
[BlackElo "2508"]
[Annotator "ChessBase"]
[PlyCount "70"]
[EventDate "2018.10.05"]
[EventType "swiss"]
[EventCountry "RUS"]
[SourceTitle "playchess.com"]
[Source "ChessBase"]
[SourceQuality "1"]
[TimeControl "900+10"]

1. d4 Nf6 2. g3 g6 3. Bg2 Bg7 4. e4 d6 5. Ne2 O-O 6. O-O Nc6 7. h3 e5 8. d5 Ne7 9. c4 c6 10. Nbc3 cxd5 11. cxd5 Qa5 12. Rb1 Bd7 13. Qd3 Rfc8 14. Be3 a6 15. Rfc1 Ne8 16. b4 Qd8 17. a4 f5 18. f3 Nf6 19. a5 Qe8 20. Nd1 Nh5 21. Qd2 Nxg3 22. Nxg3 f4 23. Bf2 fxg3 24. Bxg3 Qf8 25. Bh4 Bh6 26. Bg5 Bxg5 27. Qxg5 h6 28. Qg3 g5 29. h4 Qf4 30. Qxf4 exf4 31. hxg5 hxg5 32. Nb2 Rxc1+ 33. Rxc1 Ng6 34. Rc7 Bb5 35. Bf1 Ne5 1/2-1/2

[Event "RUS-ch Rapid Men 2018"]
[Site "Sochi"]
[Date "2018.10.06"]
[Round "9"]
[White "Linker, Mikhail"]
[Black "Dzhumagaliev, Yan"]
[Result "0-1"]
[ECO "A37"]
[WhiteElo "2269"]
[BlackElo "2410"]
[Annotator "NA"]
[PlyCount "76"]
[EventDate "2018.10.05"]
[EventType "swiss"]
[EventCountry "RUS"]
[SourceTitle "playchess.com"]
[Source "ChessBase"]
[SourceQuality "1"]
[TimeControl "900+10"]

1. Nf3 c5 2. c4 Nc6 3. g3 g6 4. Bg2 Bg7 5. Nc3 e5 6. O-O Nge7 7. e3 O-O 8. d4 cxd4 9. exd4 Nxd4 10. Nxd4 exd4 11. Nb5 Nf5 12. Bf4 d6 13. Be4 a6 14. Bxf5 Bxf5 15. Nxd4 Bh3 16. Re1 Rc8 17. Rc1 Qb6 18. Nb3 Bxb2 19. Rc2 Qc6 20. f3 Bg7 21. Kf2 Bf5 22. Rd2 Qxc4 23. Rxd6 a5 24. Nd4 Qxa2+ 25. Re2 Qb1 26. Nxf5 Qxf5 27. Rd5 Qf6 28. Kg2 Qa6 29. Rd6 Qc4 30. Rb6 a4 31. Rxb7 a3 32. Ra7 Ra8 33. Re4 Qxe4 34. fxe4 Rxa7 35. e5 a2 36. Qa1 Rb8 37. Bg5 Rb1 38. Qd4 Ra8 0-1

[Event "RUS-ch Rapid Men 2018"]
[Site "Sochi"]
[Date "2018.10.06"]
[Round "10"]
[White "Sakaev, Konstantin"]
[Black "Gabrielian, Artur"]
[Result "0-1"]
[ECO "A72"]
[WhiteElo "2584"]
[BlackElo "2499"]
[Annotator "ChessBase"]
[PlyCount "80"]
[EventDate "2018.10.05"]
[EventType "swiss"]
[EventCountry "RUS"]
[SourceTitle "playchess.com"]
[Source "ChessBase"]
[SourceQuality "1"]
[TimeControl "900+10"]

1. d4 Nf6 2. c4 c5 3. d5 e6 4. Nc3 exd5 5. cxd5 d6 6. e4 g6 7. Nf3 Bg7 8. Be2 O-O 9. Be3 Bg4 10. Nd2 Bxe2 11. Qxe2 Nbd7 12. O-O Re8 13. h3 a6 14. a4 Rb8 15. a5 Nh5 16. g4 Nhf6 17. Bf4 Ne5 18. Bg3 g5 19. Kg2 Nfd7 20. Ra2 h6 21. Nd1 Ng6 22. Bxd6 Nde5 23. Bxe5 Bxe5 24. Kh1 Bc7 25. Ne3 Bxa5 26. f3 Nf4 27. Qh2 Bc7 28. Qf2 Nxh3 29. Qg2 Nf4 30. Qf2 Qf6 31. Nf5 h5 32. gxh5 Nxh5 33. Rg1 Bf4 34. Nc4 Ng7 35. Nce3 Nxf5 36. Nxf5 Rbd8 37. Qh4 Qg6 38. Qg4 Qh7+ 39. Kg2 Qh2+ 40. Kf1 Rxd5 0-1

[Event "RUS-ch Rapid Men 2018"]
[Site "Sochi"]
[Date "2018.10.06"]
[Round "10"]
[White "Pridorozhni, Aleksei"]
[Black "Slavin, Alexey"]
[Result "1-0"]
[ECO "A36"]
[WhiteElo "2574"]
[BlackElo "2364"]
[Annotator "RC"]
[PlyCount "43"]
[EventDate "2018.10.05"]
[EventType "swiss"]
[EventCountry "RUS"]
[SourceTitle "playchess.com"]
[Source "ChessBase"]
[SourceQuality "1"]
[TimeControl "900+10"]

1. c4 c5 2. Nc3 Nc6 3. g3 g6 4. Bg2 Bg7 5. d3 d6 6. h4 h6 7. Bd2 e5 8. a3 f5 9. b4 Nf6 10. Rb1 O-O 11. Nh3 f4 12. gxf4 Nh5 13. bxc5 dxc5 14. Nd5 Kh8 15. fxe5 Qxh4 16. Nhf4 Nxf4 17. Bxf4 Qg4 18. Bf3 Qf5 19. Be4 Qf7 20. Bxh6 Nxe5 21. Bg5+ Kg8 22. Ne7+ 1-0

[Event "RUS-ch Rapid Men 2018"]
[Site "Sochi"]
[Date "2018.10.06"]
[Round "10"]
[White "Krylov, Mikhail"]
[Black "Iljiushenok, Ilia"]
[Result "1-0"]
[ECO "D85"]
[WhiteElo "2476"]
[BlackElo "2539"]
[Annotator "RC"]
[PlyCount "87"]
[EventDate "2018.10.05"]
[EventType "swiss"]
[EventCountry "RUS"]
[SourceTitle "playchess.com"]
[Source "ChessBase"]
[SourceQuality "1"]
[TimeControl "900+10"]

1. d4 Nf6 2. c4 g6 3. Nc3 d5 4. cxd5 Nxd5 5. e4 Nxc3 6. bxc3 Bg7 7. Nf3 c5 8. Rb1 O-O 9. Be2 b6 10. O-O Bb7 11. Qd3 Nd7 12. d5 c4 13. Qxc4 Nc5 14. Qb4 e6 15. Be3 Rc8 16. Rfd1 Qe7 17. c4 Rfe8 18. Nd2 f5 19. exf5 gxf5 20. Bf3 Qf6 21. Nb3 Bf8 22. Nxc5 Bxc5 23. Bxc5 Rxc5 24. Qa4 Ra8 25. Qd7 Rb8 26. Rb3 e5 27. Be2 Kh8 28. Rh3 h6 29. Rh5 Bc8 30. Qxa7 Rb7 31. Qa4 Rg7 32. g3 Bd7 33. Qb4 Be8 34. Rh3 f4 35. d6 Rc6 36. Bf1 Bd7 37. Bg2 f3 38. Bf1 Rg6 39. Rh5 Bg4 40. d7 Rg8 41. Rxh6+ Qxh6 42. d8=Q Rxd8 43. Rxd8+ Kh7 44. Bd3+ 1-0

[Event "RUS-ch Rapid Men 2018"]
[Site "Sochi"]
[Date "2018.10.06"]
[Round "10"]
[White "Chekhov, Sergei"]
[Black "Demidov, Mikhail"]
[Result "0-1"]
[ECO "B03"]
[WhiteElo "2463"]
[BlackElo "2514"]
[Annotator "ChessBase"]
[PlyCount "104"]
[EventDate "2018.10.05"]
[EventType "swiss"]
[EventCountry "RUS"]
[SourceTitle "playchess.com"]
[Source "ChessBase"]
[SourceQuality "1"]
[TimeControl "900+10"]

1. e4 Nf6 2. e5 Nd5 3. d4 d6 4. exd6 exd6 5. Nf3 Be7 6. Bd3 Nb4 7. Be2 Bf5 8. Na3 O-O 9. O-O Bf6 10. c3 Nd5 11. Nc4 Re8 12. Re1 Nc6 13. Qb3 Nb6 14. Ne3 Be4 15. Bd2 a6 16. Ng4 Bf5 17. h3 Be7 18. Bf1 Bf8 19. Rxe8 Qxe8 20. Re1 Qd7 21. Ne3 Be4 22. Ng5 Bg6 23. Nd5 Nxd5 24. Qxd5 Re8 25. Re3 Rxe3 26. Bxe3 Qe8 27. Qb3 Nd8 28. a4 Qd7 29. Bc4 c6 30. Be2 Bf5 31. Qb6 Be7 32. Qa5 f6 33. Nf3 d5 34. b4 Bd6 35. b5 Bc7 36. Qb4 a5 37. Qb3 Nf7 38. c4 cxb5 39. cxb5 b6 40. Nd2 Qd6 41. Bf3 Be6 42. Nb1 Qb4 43. Nd2 Qxb3 44. Nxb3 Nd6 45. Nc5 bxc5 46. dxc5 Nc4 47. b6 Bd8 48. Bd4 Kf8 49. Bc3 Ke8 50. Be2 Kd7 51. b7 Bc7 52. f4 Kc6 0-1

[Event "RUS-ch Rapid Men 2018"]
[Site "Sochi"]
[Date "2018.10.06"]
[Round "10"]
[White "Belyakov, Bogdan"]
[Black "Truskavetsky, Alexandr"]
[Result "1-0"]
[ECO "B18"]
[WhiteElo "2458"]
[BlackElo "2393"]
[Annotator "ChessBase"]
[PlyCount "85"]
[EventDate "2018.10.05"]
[EventType "swiss"]
[EventCountry "RUS"]
[SourceTitle "playchess.com"]
[Source "ChessBase"]
[SourceQuality "1"]
[TimeControl "900+10"]

1. e4 c6 2. d4 d5 3. Nc3 dxe4 4. Nxe4 Bf5 5. Nc5 Qc8 6. Nf3 Nf6 7. Be2 e6 8. Nd3 Bd6 9. O-O O-O 10. c4 Nbd7 11. b3 Qc7 12. Bb2 Rfd8 13. Qc1 h6 14. h3 a5 15. a3 Nf8 16. Re1 Ng6 17. Bf1 Be4 18. Nde5 c5 19. Nxg6 Bxg6 20. dxc5 Bf4 21. Be5 Bxe5 22. Nxe5 Be4 23. Ng4 Nxg4 24. hxg4 Bg6 25. Qe3 Qe7 26. b4 Qf6 27. Rad1 axb4 28. axb4 Qb2 29. b5 Qb4 30. Rxd8+ Rxd8 31. Ra1 Qb2 32. Re1 Qb4 33. Qe5 Rc8 34. Rd1 Rxc5 35. Qb8+ Kh7 36. Qxb7 Rg5 37. Qf3 h5 38. gxh5 Bxh5 39. Qe3 Qe7 40. Rb1 Qf6 41. b6 Bf3 42. b7 Bxg2 43. Qxg5 1-0

[Event "RUS-ch Rapid Men 2018"]
[Site "Sochi"]
[Date "2018.10.06"]
[Round "10"]
[White "Sharafiev, Azat"]
[Black "Shcherbakov, Ruslan"]
[Result "1/2-1/2"]
[ECO "A04"]
[WhiteElo "2432"]
[BlackElo "2516"]
[Annotator "RC"]
[PlyCount "102"]
[EventDate "2018.10.05"]
[EventType "swiss"]
[EventCountry "RUS"]
[SourceTitle "playchess.com"]
[Source "ChessBase"]
[SourceQuality "1"]
[TimeControl "900+10"]

1. Nf3 c5 2. c4 g6 3. d4 cxd4 4. Nxd4 Nc6 5. e4 Nf6 6. Nc3 d6 7. Be2 Nxd4 8. Qxd4 Bg7 9. Be3 O-O 10. Qd2 a5 11. O-O a4 12. f3 Qa5 13. Rab1 Be6 14. Rfc1 Rfc8 15. b4 axb3 16. axb3 Qb4 17. Nd5 Qxd2 18. Bxd2 Nxd5 19. cxd5 Bd4+ 20. Kf1 Bd7 21. Rxc8+ Rxc8 22. Rc1 Rxc1+ 23. Bxc1 f5 24. Bd3 fxe4 25. Bxe4 Bb5+ 26. Ke1 Kf7 27. h4 b6 28. g4 h5 29. g5 Bd7 30. Ke2 e6 31. Be3 Bc5 32. b4 Bxb4 33. Bxb6 exd5 34. Bxd5+ Be6 35. Be4 Bc4+ 36. Kf2 Bc3 37. Bc2 d5 38. Bc7 Bd4+ 39. Kg3 Be3 40. f4 d4 41. Kf3 Be6 42. Be5 Bg4+ 43. Kg3 Be2 44. Bb3+ Kf8 45. f5 gxf5 46. g6 Bh6 47. Bxd4 f4+ 48. Kf2 Bd3 49. Bf7 Be4 50. Bc5+ Kg7 51. Bd4+ Kf8 1/2-1/2